[ AOE2 MATCH · #513626529 ]
UnrankedMongols vs Poles
Player's team · LOSS
Rival team · WIN
[ REPLAY ANALYSIS · EXTRACTED FROM THE RECORDED GAME ]
Feudal
10:55
Castle
26:37
Imperial
45:50
| APM avg | 55.9 |
| APM peak | 124 |
| eAPM avg | 27.3 |
| Villagers / military | 407 / 1246 |
Focus
⚔️ 53.7% · 🌾 46.3%
Spearman ×614 · Scout Cavalry ×391 · Mangudai ×95 · Battering Ram ×62 · Archer ×29 · Mangonel ×23
Feudal
13:03
Castle
28:00
Imperial
42:38
| APM avg | 52.6 |
| APM peak | 108 |
| eAPM avg | 33.0 |
| Villagers / military | 261 / 2318 |
Focus
⚔️ 46.0% · 🌾 54.0%
Scout Cavalry ×1586 · Skirmisher ×552 · Knight ×149 · Trebuchet (Packed) ×21 · Obuch ×7 · Monk ×2
Match map
Initial resources + every placement click. Lines = walls · curves = elevation contours. ◆ gold · ⬟ stone · ● berries · ✦ relic · ◌ wall gap
Your base· Open — 8t gap
aimbot's base· Open — unwalled flank
Smoothed initial terrain · ◌ = detected wall gap · hover for details
Inputs per minute
— 76nateK - - aimbot
Build order — 76nateK
First 150 of 1396 actions detected
| 0:00 | queue | Villager (Male) |
| 0:00 | queue | Villager (Male) |
| 0:01 | queue | Villager (Male) |
| 0:01 | queue | Villager (Male) |
| 0:02 | Build | House |
| 0:04 | Build | House |
| 0:17 | Research | Loom |
| 0:44 | queue | Villager (Male) |
| 0:45 | queue | Villager (Male) |
| 0:45 | queue | Villager (Male) |
| 1:45 | queue | Villager (Male) |
| 2:07 | queue | Villager (Male) |
| 2:33 | Build | Lumber Camp |
| 2:35 | queue | Villager (Male) |
| 2:36 | queue | Villager (Male) |
| 3:25 | queue | Villager (Male) |
| 3:26 | queue | Villager (Male) |
| 4:18 | queue | Villager (Male) |
| 4:18 | queue | Villager (Male) |
| 4:28 | queue | Villager (Male) |
| 4:42 | Build | House |
| 4:51 | queue | Villager (Male) |
| 5:25 | queue | Villager (Male) |
| 5:26 | queue | Villager (Male) |
| 5:26 | queue | Villager (Male) |
| 5:38 | queue | Villager (Male) |
| 5:38 | queue | Villager (Male) |
| 6:06 | queue | Villager (Male) |
| 6:24 | Build | House |
| 6:35 | queue | Villager (Male) |
| 6:52 | Build | House |
| 6:56 | queue | Villager (Male) |
| 7:11 | Build | Barracks |
| 7:27 | Build | House |
| 7:30 | queue | Villager (Male) |
| 7:48 | queue | Villager (Male) |
| 7:48 | queue | Villager (Male) |
| 8:22 | Build | Lumber Camp |
| 8:45 | Research | Feudal Age |
| 8:56 | queue | Militia |
| 8:56 | queue | Militia |
| 9:37 | Build | Mining Camp |
| 9:51 | queue | Villager (Male) |
| 10:44 | queue | Villager (Male) |
| 10:55 | Age | Feudal Age |
| 10:56 | Build | Archery Range |
| 11:07 | Build | Blacksmith |
| 11:36 | queue | Archer |
| 11:46 | queue | Villager (Male) |
| 11:48 | queue | Archer |
| 11:51 | Research | Fletching |
| 11:59 | Build | House |
| 12:01 | Build | Archery Range |
| 12:16 | Build | House |
| 12:28 | queue | Archer |
| 12:28 | queue | Archer |
| 13:21 | Build | Watch Tower |
| 13:26 | queue | Archer |
| 13:27 | queue | Archer |
| 13:33 | Build | Mill |
| 13:46 | queue | Archer |
| 14:45 | queue | Archer |
| 14:46 | queue | Archer |
| 14:57 | queue | Villager (Male) |
| 15:19 | queue | Archer |
| 15:19 | queue | Archer |
| 16:17 | Build | House |
| 16:25 | queue | Villager (Male) |
| 16:28 | Build | Market |
| 16:39 | Build | House |
| 16:40 | queue | Archer |
| 16:41 | queue | Archer |
| 16:42 | queue | Archer |
| 16:43 | queue | Archer |
| 17:04 | queue | Villager (Male) |
| 17:23 | Build | Mining Camp |
| 17:46 | queue | Villager (Male) |
| 18:17 | queue | Villager (Male) |
| 18:53 | Research | Padded Archer Armor |
| 18:56 | queue | Archer |
| 18:56 | queue | Archer |
| 18:57 | queue | Archer |
| 19:08 | queue | Villager (Male) |
| 19:08 | queue | Villager (Male) |
| 19:12 | Build | House |
| 19:19 | Research | Double-Bit Axe |
| 19:24 | Research | Horse Collar |
| 19:37 | Build | Farm |
| 19:37 | Build | Farm |
| 19:37 | Build | Farm |
| 19:38 | Build | Farm |
| 19:38 | Build | Farm |
| 19:38 | Build | Farm |
| 20:02 | queue | Villager (Male) |
| 20:24 | queue | Archer |
| 20:24 | queue | Archer |
| 20:24 | queue | Archer |
| 20:25 | queue | Archer |
| 20:28 | Build | House |
| 20:46 | Build | Farm |
| 20:48 | queue | Villager (Male) |
| 21:32 | queue | Archer |
| 21:32 | queue | Archer |
| 21:33 | queue | Archer |
| 21:34 | queue | Villager (Male) |
| 21:34 | queue | Villager (Male) |
| 21:36 | Build | Farm |
| 21:37 | Build | Farm |
| 21:40 | queue | Villager (Male) |
| 22:43 | queue | Villager (Male) |
| 22:43 | queue | Villager (Male) |
| 22:59 | queue | Villager (Male) |
| 23:00 | queue | Villager (Male) |
| 23:57 | Research | Castle Age |
| 24:54 | Build | Lumber Camp |
| 24:59 | queue | Archer |
| 24:59 | queue | Archer |
| 24:59 | queue | Archer |
| 25:58 | queue | Villager (Male) |
| 26:37 | Age | Castle Age |
| 26:51 | Build | Siege Workshop |
| 26:55 | Research | Crossbowman (upgrade) |
| 26:59 | Research | Bodkin Arrow |
| 27:00 | queue | Villager (Male) |
| 27:00 | queue | Villager (Male) |
| 27:58 | queue | Villager (Male) |
| 27:58 | queue | Villager (Male) |
| 28:03 | queue | Battering Ram |
| 28:04 | queue | Battering Ram |
| 28:07 | Build | House |
| 28:35 | queue | Villager (Male) |
| 28:36 | queue | Villager (Male) |
| 28:40 | Build | Town Center |
| 29:08 | queue | Battering Ram |
| 29:10 | queue | Cavalry Archer |
| 29:10 | queue | Cavalry Archer |
| 29:11 | queue | Cavalry Archer |
| 29:11 | queue | Cavalry Archer |
| 29:12 | queue | Cavalry Archer |
| 29:12 | queue | Cavalry Archer |
| 29:35 | Build | House |
| 29:35 | Build | House |
| 29:36 | queue | Villager (Male) |
| 30:10 | Build | Town Center |
| 30:31 | queue | Villager (Male) |
| 30:31 | queue | Villager (Male) |
| 30:32 | queue | Villager (Male) |
| 30:54 | queue | Villager (Male) |
| 30:55 | queue | Villager (Male) |
| 31:22 | Research | Leather Archer Armor |
Build order — aimbot
First 150 of 1396 actions detected
| 0:00 | queue | Villager (Male) |
| 0:01 | queue | Villager (Male) |
| 0:02 | Build | House |
| 0:02 | Build | House |
| 0:11 | queue | Villager (Male) |
| 0:11 | queue | Villager (Male) |
| 1:28 | queue | Villager (Male) |
| 1:38 | Research | Loom |
| 1:47 | queue | Villager (Male) |
| 2:19 | queue | Villager (Male) |
| 2:24 | Build | Palisade Wall |
| 2:24 | Build | Palisade Wall |
| 2:25 | Build | Palisade Wall |
| 2:25 | Build | Palisade Wall |
| 2:25 | Build | Palisade Wall |
| 2:25 | Build | Palisade Wall |
| 2:26 | Build | Palisade Wall |
| 2:26 | Build | Palisade Wall |
| 2:26 | Build | Palisade Wall |
| 2:26 | Build | Palisade Wall |
| 2:27 | Build | Palisade Wall |
| 2:27 | Build | Palisade Wall |
| 2:27 | Build | Palisade Wall |
| 2:27 | Build | Palisade Wall |
| 2:27 | Build | Palisade Wall |
| 2:28 | Build | Palisade Wall |
| 2:28 | Build | Palisade Wall |
| 2:28 | Build | Palisade Wall |
| 2:28 | Build | Palisade Wall |
| 2:29 | Build | Palisade Wall |
| 2:29 | Build | Palisade Wall |
| 2:29 | Build | Palisade Wall |
| 2:29 | Build | Palisade Wall |
| 2:29 | Build | Palisade Wall |
| 2:30 | Build | Palisade Wall |
| 2:51 | queue | Villager (Male) |
| 3:15 | queue | Villager (Male) |
| 3:20 | queue | Villager (Male) |
| 3:20 | queue | Villager (Male) |
| 3:29 | Build | Mill |
| 4:05 | queue | Villager (Male) |
| 4:59 | queue | Villager (Male) |
| 4:59 | queue | Villager (Male) |
| 5:00 | queue | Villager (Male) |
| 5:34 | queue | Villager (Male) |
| 5:35 | queue | Villager (Male) |
| 5:45 | queue | Villager (Male) |
| 5:46 | queue | Villager (Male) |
| 6:28 | queue | Villager (Male) |
| 7:11 | Build | Palisade Wall |
| 7:12 | Build | Palisade Wall |
| 7:16 | queue | Villager (Male) |
| 7:17 | queue | Villager (Male) |
| 7:17 | queue | Villager (Male) |
| 7:32 | queue | Villager (Male) |
| 7:32 | queue | Villager (Male) |
| 7:39 | Build | Palisade Wall |
| 7:40 | Build | Palisade Wall |
| 7:42 | Build | Palisade Wall |
| 7:42 | Build | Palisade Wall |
| 7:42 | Build | Palisade Wall |
| 7:42 | Build | Palisade Wall |
| 7:43 | Build | Palisade Wall |
| 7:43 | Build | Palisade Wall |
| 7:43 | Build | Palisade Wall |
| 7:43 | Build | Palisade Wall |
| 7:43 | Build | Palisade Wall |
| 7:44 | Build | Palisade Wall |
| 7:44 | Build | Palisade Wall |
| 7:44 | Build | Palisade Wall |
| 7:44 | Build | Palisade Wall |
| 7:44 | Build | Palisade Wall |
| 7:51 | Build | House |
| 8:15 | queue | Villager (Male) |
| 8:15 | queue | Villager (Male) |
| 8:16 | queue | Villager (Male) |
| 8:48 | queue | Villager (Male) |
| 9:06 | Build | Lumber Camp |
| 9:32 | queue | Villager (Male) |
| 9:51 | Build | Palisade Wall |
| 9:53 | Build | Palisade Wall |
| 9:54 | Build | Palisade Wall |
| 10:00 | Build | Palisade Wall |
| 10:01 | Build | Palisade Wall |
| 10:03 | Build | Palisade Wall |
| 10:10 | Build | Mill |
| 10:10 | queue | Villager (Male) |
| 10:44 | Build | Farm |
| 10:47 | Build | Farm |
| 10:53 | Research | Feudal Age |
| 11:18 | Build | Farm |
| 11:21 | Build | Farm |
| 11:54 | Build | Mining Camp |
| 12:02 | Build | Farm |
| 12:33 | Build | Farm |
| 12:35 | Build | Farm |
| 12:43 | Build | Farm |
| 12:47 | queue | Villager (Male) |
| 12:58 | queue | Villager (Male) |
| 13:03 | Age | Feudal Age |
| 13:06 | Build | Watch Tower |
| 13:33 | queue | Villager (Male) |
| 13:54 | Build | Watch Tower |
| 14:12 | queue | Villager (Male) |
| 14:40 | queue | Villager (Male) |
| 14:57 | Build | House |
| 15:00 | Build | House |
| 15:16 | Build | Watch Tower |
| 15:18 | queue | Villager (Male) |
| 15:23 | queue | Villager (Male) |
| 16:13 | queue | Villager (Male) |
| 16:21 | Build | Blacksmith |
| 16:23 | Build | House |
| 16:25 | queue | Villager (Male) |
| 16:28 | Research | Double-Bit Axe |
| 16:29 | Research | Double-Bit Axe |
| 16:58 | Build | Watch Tower |
| 17:01 | queue | Villager (Male) |
| 17:05 | Build | Lumber Camp |
| 17:42 | Build | Mill |
| 17:45 | queue | Villager (Male) |
| 17:59 | Research | Wheelbarrow |
| 18:06 | Build | Farm |
| 18:08 | Build | Farm |
| 18:12 | Research | Fletching |
| 18:15 | queue | Villager (Male) |
| 18:20 | Build | Farm |
| 18:23 | Build | Farm |
| 18:28 | Build | Farm |
| 18:42 | queue | Villager (Male) |
| 18:48 | Build | Farm |
| 19:10 | Build | House |
| 19:16 | Build | House |
| 19:39 | Build | Farm |
| 19:41 | Build | Farm |
| 19:42 | Build | Farm |
| 20:16 | queue | Villager (Male) |
| 20:17 | queue | Villager (Male) |
| 20:19 | Build | Farm |
| 20:22 | Build | House |
| 20:23 | Build | House |
| 20:42 | Build | Farm |
| 20:55 | Build | Farm |
| 20:58 | Build | Farm |
| 21:18 | queue | Villager (Male) |
| 21:35 | Build | Watch Tower |
| 21:41 | Build | Watch Tower |
| 21:44 | queue | Villager (Male) |
| 22:00 | Build | Mining Camp |
| 22:01 | queue | Villager (Male) |
Match timeline
| 2:24 | aimbot · wall_segment Palisade Wall x1 |
| 2:24 | aimbot · wall_segment Palisade Wall x1 |
| 2:25 | aimbot · wall_segment Palisade Wall x1 |
| 2:25 | aimbot · wall_segment Palisade Wall x2 |
| 2:25 | aimbot · wall_segment Palisade Wall x1 |
| 2:25 | aimbot · wall_segment Palisade Wall x2 |
| 2:26 | aimbot · wall_segment Palisade Wall x2 |
| 2:26 | aimbot · wall_segment Palisade Wall x1 |
| 2:26 | aimbot · wall_segment Palisade Wall x1 |
| 2:26 | aimbot · wall_segment Palisade Wall x1 |
| 2:27 | aimbot · wall_segment Palisade Wall x1 |
| 2:27 | aimbot · wall_segment Palisade Wall x1 |
| 2:27 | aimbot · wall_segment Palisade Wall x2 |
| 2:27 | aimbot · wall_segment Palisade Wall x1 |
| 2:27 | aimbot · wall_segment Palisade Wall x1 |
| 2:28 | aimbot · wall_segment Palisade Wall x2 |
| 2:28 | aimbot · wall_segment Palisade Wall x1 |
| 2:28 | aimbot · wall_segment Palisade Wall x1 |
| 2:28 | aimbot · wall_segment Palisade Wall x1 |
| 2:29 | aimbot · wall_segment Palisade Wall x1 |
| 2:29 | aimbot · wall_segment Palisade Wall x1 |
| 2:29 | aimbot · wall_segment Palisade Wall x2 |
| 2:29 | aimbot · wall_segment Palisade Wall x2 |
| 2:29 | aimbot · wall_segment Palisade Wall x2 |
| 2:30 | aimbot · wall_segment Palisade Wall x1 |
| 7:11 | aimbot · wall_segment Palisade Wall x1 |
| 7:11 | 76nateK · first_building Barracks |
| 7:12 | aimbot · wall_segment Palisade Wall x1 |
| 7:39 | aimbot · wall_segment Palisade Wall x1 |
| 7:40 | aimbot · wall_segment Palisade Wall x1 |
| 7:42 | aimbot · wall_segment Palisade Wall x1 |
| 7:42 | aimbot · wall_segment Palisade Wall x2 |
| 7:42 | aimbot · wall_segment Palisade Wall x1 |
| 7:42 | aimbot · wall_segment Palisade Wall x1 |
| 7:43 | aimbot · wall_segment Palisade Wall x2 |
| 7:43 | aimbot · wall_segment Palisade Wall x1 |
| 7:43 | aimbot · wall_segment Palisade Wall x1 |
| 7:43 | aimbot · wall_segment Palisade Wall x2 |
| 7:43 | aimbot · wall_segment Palisade Wall x1 |
| 7:44 | aimbot · wall_segment Palisade Wall x1 |
| 7:44 | aimbot · wall_segment Palisade Wall x1 |
| 7:44 | aimbot · wall_segment Palisade Wall x2 |
| 7:44 | aimbot · wall_segment Palisade Wall x1 |
| 7:44 | aimbot · wall_segment Palisade Wall x1 |
| 9:51 | aimbot · wall_segment Palisade Wall x1 |
| 9:53 | aimbot · wall_segment Palisade Wall x1 |
| 9:54 | aimbot · wall_segment Palisade Wall x1 |
| 10:00 | aimbot · wall_segment Palisade Wall x3 |
| 10:01 | aimbot · wall_segment Palisade Wall x4 |
| 10:03 | aimbot · wall_segment Palisade Wall x2 |
| 10:55 | 76nateK · age_up feudal |
| 10:56 | 76nateK · first_building Archery Range |
| 13:03 | aimbot · age_up feudal |
| 18:48 | 76nateK · first_market_sell 100 wood |
| 18:50 | 76nateK · first_market_buy 100 food |
| 26:37 | 76nateK · age_up castle |
| 26:51 | 76nateK · first_building Siege Workshop |
| 28:00 | aimbot · age_up castle |
| 29:40 | aimbot · first_market_buy 100 wood |
| 30:04 | aimbot · first_building Barracks |
| 31:38 | aimbot · first_building Castle |
| 32:06 | aimbot · first_building Siege Workshop |
| 37:37 | aimbot · first_building Monastery |
| 38:46 | 76nateK · first_building Monastery |
| 39:27 | aimbot · first_market_sell 100 stone |
| 40:31 | 76nateK · first_building Castle |
| 40:36 | 76nateK · first_building Stable |
| 41:47 | aimbot · first_building Stable |
| 42:38 | aimbot · age_up imperial |
| 45:50 | 76nateK · age_up imperial |
| 62:35 | 76nateK · wall_segment Palisade Wall x1 |
| 62:42 | 76nateK · wall_segment Palisade Wall x1 |
| 64:19 | aimbot · first_building Archery Range |
| 121:09 | 76nateK · resign |
[ AI ANALYSIS · 1 CREDIT ]
What really happened in this match?
Wolo.gg analyzes every decision: build order, eco, micro, common mistakes by bracket. Personalized analysis on WhatsApp or Discord in 30 seconds.
Civ guide
Mongols
Perfil
Jugador #13572755